 Dungeon Crawl Stone Soup version 0.30-a0-341-g682706514a (webtiles) character file.

Game seed: 7845215107039430449

13615 Lanoc the Impaler (level 12, -7/100 HPs)
             Began as a Merfolk Gladiator on Nov 2, 2022.
             Was a High Priest of the Shining One.
             Mangled by a red ugly thing (8 damage)
             ... on level 13 of the Dungeon.
             The game lasted 00:29:30 (13795 turns).

Lanoc the Impaler (Merfolk Gladiator)              Turns: 13795, Time: 00:29:30

Health: -7/100     AC: 11    Str: 20    XL:     12   Next: 7%
Magic:  12/12      EV: 21    Int:  8    God:    the Shining One [*****.]
Gold:   88         SH:  0    Dex: 26    Spells: 11/11 levels left

rFire   + . .      SeeInvis .    c - +5 bardiche "Effi" {vorpal, rElec rN+}
rCold   . . .      Faith    .    (shield currently unavailable)
rNeg    + + +      Spirit   .    K - +1 scale mail {rF+}
rPois   .          Reflect  .    p - +2 hat
rElec   +          Harm     .    b - +1 cloak
rCorr   .          Rampage  .    (no gloves)
Will    .....                    (no boots)
Stlth   +.........               (no amulet)
HPRegen 0.36/turn                C - +6 ring of dexterity
MPRegen 0.13/turn                H - +6 ring of strength

@: glowing
A: (nimble swimmer 2), mertail
a: Renounce Religion, Divine Shield, Cleansing Flame, Summon Divine Warrior


You were on level 13 of the Dungeon.
You worshipped the Shining One.
The Shining One was extremely pleased with you.
You visited 2 branches of the dungeon, and saw 14 of its levels.
You visited 1 bazaar.
You also visited: Sewer.

You collected 803 gold pieces.
You spent 715 gold pieces at shops.

Inventory:

Hand Weapons
 a - a +0 trident
 c - the +5 bardiche "Effi" (weapon) {vorpal, rElec rN+}
   (You acquired it on level 12 of the Dungeon)

   It inflicts extra damage upon your enemies.
   rElec:     It insulates you from electricity.
   rN:        It protects you from negative energy.
 r - a +0 spear of freezing
 s - a +4 halberd
Missiles
 d - 6 throwing nets (quivered)
 e - a javelin
 y - 3 curare-tipped darts
Armour
 b - a +1 cloak (worn)
 f - a +0 kite shield
 p - a +2 hat (worn)
 K - a +1 scale mail of fire resistance (worn)
Jewellery
 g - a ring of see invisible
 k - a ring of poison resistance
 C - a +6 ring of dexterity (left hand)
 H - a +6 ring of strength (right hand)
Wands
 h - a wand of flame (13)
 q - a wand of iceblast (11)
 G - a wand of charming (13)
 M - a wand of polymorph (9)
Scrolls
 j - 2 scrolls of silence
 m - 4 scrolls of enchant armour
 v - 5 scrolls of teleportation
 D - a scroll of vulnerability
 J - a scroll of blinking
 L - 3 scrolls of butterflies
 Q - a scroll of poison
 S - a scroll of immolation
Potions
 i - 2 potions of flight
 l - 3 potions of invisibility
 n - 4 potions of attraction
 o - a potion of resistance
 t - 6 potions of might
 u - 5 potions of brilliance
 w - 2 potions of mutation
 x - 3 potions of haste
 A - a potion of magic
 B - 3 potions of lignification
 F - 2 potions of curing
Miscellaneous
 O - a box of beasts (inert)
 R - a piece from Xom's chessboard (15/15)


   Skills:
 + Level 11.0 Fighting
 * Level 16.5 Polearms
 - Level 2.0 Throwing
 + Level 2.8 Armour
 + Level 13.3 Dodging


You had 11 spell levels left.
You didn't know any spells.
Your spell library contained the following spells:

 Spells                   Type           Power      Damage    Failure   Level
 Freeze                   Ice            0%         1d3       77%         1
 Cigotuvi's Dreadful Rot  Necr/Pois/Air  0%         N/A       88%         2
 Static Discharge         Conj/Air       0%         2-2/arc   88%         2
 Frozen Ramparts          Ice            0%         1d1       98%         3
 Hailstorm                Conj/Ice       0%         3d3       98%         3
 Stone Arrow              Conj/Erth      0%         3d7       98%         3
 Vhi's Electric Charge    Tloc/Air       0%         N/A       98%         3
 Animate Armour           Summ/Erth      0%         N/A       100%        4
 Dispel Undead            Necr           0%         3d6       100%        4
 Leda's Liquefaction      Hex/Erth       0%         N/A       100%        4
 Arcjolt                  Conj/Air       0%         1d10      100%        5
 Lee's Rapid Deconstruct  Erth           0%         3d4*      100%        5
 Lightning Bolt           Conj/Air       0%         1d11      100%        5
 Death Channel            Necr           0%         N/A       100%        6
 Statue Form              Tmut/Erth      0%         N/A       100%        6
 Lehudib's Crystal Spear  Conj/Erth      0%         10d2      100%        8


Dungeon Overview and Level Annotations

Branches:
Dungeon (13/15)            Temple (1/1) D:7            Lair (0/5) D:11
    Orc (0/2) D:12          Sewer (visited)
 Vaults: D:13-14

Altars:
Ashenzari
Cheibriados
Dithmenos
Fedhas
Hepliaklqana
Makhleb
Nemelex Xobeh
Okawaru
Qazlal
Trog
Uskayaw
Vehumet
Wu Jian
Xom
Yredelemnul
Zin
The Shining One

Shops:
D:3 (   D:10 :   D:12 ?   D:13 (

Annotations:
D:10 2 runed translucent doors, funkygono's ghost, journeyman GrFE
D:11 exclusion: oklob plant


Innate Abilities, Weirdness & Mutations

((You are very nimble when in or above water. (Stealth+, EV+, Speed+++)))
Your lower body shifts to a powerful aquatic tail in water.


Message History

The meliai misses you.
The red ugly thing completely misses you.
The meliai hits you with a +0 hand axe! The Shining One protects you from harm!
The meliai completely misses you.
You feel much better.
You feel very sick.
The meliai invokes the aid of its god against you.
Something smites you!
* * * LOW HITPOINT WARNING * * *
The red ugly thing closely misses you. The meliai hits you but does no damage.
The meliai closely misses you.
You feel better.
The meliai invokes the aid of its god against you.
Something smites you!
* * * LOW HITPOINT WARNING * * *
The red ugly thing misses you. The meliai barely misses you.
The meliai completely misses you.
You feel much better.
The meliai mumbles some strange prayers to its god against you.
Something smites you!
* * * LOW HITPOINT WARNING * * *
The red ugly thing engulfs you.
* * * LOW HITPOINT WARNING * * *
You are engulfed in flames.
You resist.
* * * LOW HITPOINT WARNING * * *
The meliai mumbles some strange prayers to its god against you.
Something smites you! The Shining One protects you from harm!
You closely miss the meliai.
The meliai is severely wounded.
The meliai invokes the aid of its god against you.
Something smites you! The Shining One protects you from harm!
The red ugly thing barely misses you.
The meliai mumbles some strange prayers to its god against you.
Something smites you!
* * * LOW HITPOINT WARNING * * *
The red ugly thing engulfs you!
You die...

####..####......#
#...............#
#.#####...^.....#
# #####.......#
#............###
.....#.###..../#
....##.. #...#.#
.##. #.. #.....#
# #...#.#@∩.#
....##uy..# ..
##.#.# #...#
....# ....# ....
.....#


You could see a red ugly thing and a meliai.

Vanquished Creatures
  A two-headed ogre (D:11)
  A centaur warrior (D:12)
  A boulder beetle (D:11)
  2 manticores (D:12)
  2 ugly things
  2 cyclopes (D:12)
  2 gargoyles
  An unseen horror (D:12)
  A kobold demonologist (D:10)
  2 meliai (D:13)
  A hornet (D:7)
  3 trolls
  4 slime creatures
  A vampire (D:10)
  Sigmund (D:4)
  2 wraiths
  2 shadows
  A wyvern (D:9)
  Eustachio (D:4)
  Edmund (D:4)
  An acid dragon (D:9)
  A black bear (D:6)
  10 orc warriors
  A sky beast (D:5)
  5 ice beasts
  2 ogres (D:5)
  5 centaurs
  A phantom (D:5)
  3 bullfrogs
  5 kobold brigands
  2 gnoll sergeants
  2 necrophages
  2 scorpions
  5 wights (D:7)
  4 killer bees
  8 howler monkeys
  A jelly (D:5)
  3 hounds
  7 orc priests
  3 gnoll boudas
  5 iguanas
  8 orc wizards
  23 gnolls
  10 adders
  2 river rats (Sewer)
  A white imp (D:7)
  3 ufetubi
  A worm (D:2)
  6 dart slugs
  57 orcs
  6 bats
  7 endoplasms
  7 giant cockroaches
  7 goblins
  10 hobgoblins
  A jackal (D:4)
  36 kobolds
  7 quokkas
  13 ball pythons
  4 frilled lizards
  28 rats
  A spectral hobgoblin (D:5)
  2 butterflies (D:10)
348 creatures vanquished.

Vanquished Creatures (others)
  A phantom (D:4)
  A kobold (D:4)
  10 plants (D:11)
  4 withered plants (D:7)
16 creatures vanquished.

Grand Total: 364 creatures vanquished

Notes
Turn   | Place    | Note
-------+----------+-------------------------------------------
     0 | D:1      | Lanoc the Merfolk Gladiator began the quest for the Orb.
     0 | D:1      | Reached XP level 1. HP: 16/16 MP: 1/1
    89 | D:1      | Reached XP level 2. HP: 23/23 MP: 2/2
   312 | D:1      | Reached XP level 3. HP: 24/28 MP: 3/3
   490 | D:1      | Found a faded altar of an unknown god.
   501 | D:1      | Prayed at the altar of an unknown god.
   501 | D:1      | Became a worshipper of the Shining One
   501 | D:1      | Reached * piety under the Shining One
   569 | D:2      | Reached skill level 5 in Polearms
   743 | D:2      | Reached XP level 4. HP: 33/34 MP: 4/4
   761 | D:3      | Reached skill level 5 in Dodging
   917 | D:3      | Reached XP level 5. HP: 39/41 MP: 5/5
  1176 | D:3      | Found Wuciuny's Antique Weapon Shoppe.
  1203 | D:3      | Reached skill level 6 in Polearms
  2199 | D:4      | Found a glowing drain.
  2233 | Sewer    | Entered a sewer
  2243 | Sewer    | Reached ** piety under the Shining One
  2263 | Sewer    | Noticed a kobold brigand
  2287 | Sewer    | Killed a kobold brigand
  2288 | Sewer    | Reached XP level 6. HP: 39/48 MP: 6/6
  2365 | Sewer    | Reached skill level 7 in Polearms
  2940 | Sewer    | Reached XP level 7. HP: 20/55 MP: 7/7
  3296 | D:4      | Noticed Edmund
  3346 | D:4      | Killed Edmund
  3347 | D:4      | Reached skill level 8 in Polearms
  3408 | D:4      | Noticed Sigmund
  3521 | D:4      | HP: 1/55 [Sigmund/puff of flame (9)]
  3524 | D:4      | Killed Sigmund
  3525 | D:4      | Reached skill level 5 in Fighting
  3750 | D:4      | Reached skill level 9 in Polearms
  3750 | D:4      | Reached XP level 8. HP: 53/62 MP: 8/8
  3926 | D:4      | Found a broken altar of Ashenzari.
  4051 | D:4      | Found a glowing golden altar of the Shining One.
  4318 | D:4      | Noticed Eustachio
  4332 | D:4      | Killed Eustachio
  4566 | D:5      | Entered Level 5 of the Dungeon
  4774 | D:5      | Found a burning altar of Makhleb.
  4807 | D:5      | Reached skill level 10 in Polearms
  4981 | D:5      | Found a snail-covered altar of Cheibriados.
  4995 | D:5      | Found a hazy altar of Hepliaklqana.
  5507 | D:5      | Reached skill level 11 in Polearms
  5507 | D:5      | Reached XP level 9. HP: 53/71 MP: 9/9
  5843 | D:6      | Reached *** piety under the Shining One
  6083 | D:6      | Found a sparkling altar of Nemelex Xobeh.
  6440 | D:6      | Reached skill level 12 in Polearms
  6530 | D:6      | Found an ornate altar of the Wu Jian Council.
  7081 | D:7      | Found a staircase to the Ecumenical Temple.
  7092 | Temple   | Entered the Ecumenical Temple
  7312 | D:7      | Found a glowing silver altar of Zin.
  7313 | D:7      | Found a shadowy altar of Dithmenos.
  7315 | D:7      | Found a radiant altar of Vehumet.
  7315 | D:7      | Found a bloodstained altar of Trog.
  7449 | D:7      | Reached **** piety under the Shining One
  7450 | D:7      | Reached skill level 13 in Polearms
  7570 | D:7      | Found a basalt altar of Yredelemnul.
  7720 | D:7      | Noticed a hornet
  7728 | D:7      | Killed a hornet
  7729 | D:7      | Reached skill level 10 in Dodging
  7729 | D:7      | Reached XP level 10. HP: 65/80 MP: 10/10
  8057 | D:8      | Found an iron altar of Okawaru.
  8658 | D:7      | Reached skill level 14 in Polearms
  9208 | D:9      | Found a hide-covered altar of Uskayaw.
  9953 | D:9      | Found a stormy altar of Qazlal.
 10058 | D:10     | Entered Level 10 of the Dungeon
 10165 | D:10     | Reached skill level 15 in Polearms
 10216 | D:10     | Noticed a gargoyle
 10220 | D:10     | Killed a gargoyle
 10271 | D:10     | Found Muphatz's Self-Improvement Boutique.
 10393 | D:10     | Noticed a kobold demonologist
 10398 | D:10     | Noticed a smoke demon
 10403 | D:10     | Killed a kobold demonologist
 10404 | D:10     | Reached XP level 11. HP: 83/89 MP: 11/11
 10442 | D:10     | Found a shimmering altar of Xom.
 10680 | D:10     | Found a large runed translucent door.
 10681 | D:10     | Found a large runed translucent door.
 10684 | D:10     | Noticed funkygono's ghost (journeyman GrFE)
 10807 | D:11     | Noticed a purple ugly thing
 10819 | D:11     | Killed a purple ugly thing
 11100 | D:11     | Found a staircase to the Lair.
 11101 | D:11     | Noticed an oklob plant
 11113 | D:11     | Noticed a boulder beetle
 11115 | D:11     | Reached ***** piety under the Shining One
 11127 | D:11     | Noticed a two-headed ogre
 11206 | D:11     | Found a flickering gateway to a bazaar.
 11213 | Bazaar   | Entered a bazaar
 11318 | Bazaar   | Found Ylaeffeh's Book Shop.
 11318 | Bazaar   | Found Tapes's Jewellery Boutique.
 11369 | D:11     | Killed a two-headed ogre
 11917 | D:11     | Killed a boulder beetle
 11918 | D:11     | Reached skill level 16 in Polearms
 12071 | D:12     | Noticed a cyclops
 12080 | D:12     | Killed a cyclops
 12081 | D:12     | Reached skill level 10 in Fighting
 12288 | D:12     | Noticed a white ugly thing
 12294 | D:12     | Killed a white ugly thing
 12308 | D:12     | Noticed a manticore
 12318 | D:12     | Killed a manticore
 12319 | D:12     | Reached skill level 1 in Armour
 12418 | D:12     | Noticed a centaur warrior
 12438 | D:12     | Killed a centaur warrior
 12446 | D:12     | Noticed a manticore
 12462 | D:12     | Found Kalye's Magic Scroll Boutique.
 12862 | D:12     | Killed a manticore
 13157 | D:12     | Found a staircase to the Orcish Mines.
 13362 | D:12     | Noticed a cyclops
 13370 | D:12     | Killed a cyclops
 13371 | D:12     | Reached XP level 12. HP: 73/99 MP: 12/12
 13660 | D:12     | Bought a scroll of acquirement for 676 gold pieces
 13660 | D:12     | Bought a scroll of teleportation for 39 gold pieces
 13661 | D:12     | Acquired the +5 bardiche "Effi" {vorpal, rElec rN+}
 13705 | D:13     | Found a blossoming altar of Fedhas.
 13777 | D:13     | Found Goihus's Weapon Shoppe.
 13791 | D:13     | HP: 4/100 [meliai/+0 hand axe (5)]
 13791 | D:13     | The Shining One protects you from harm!
 13794 | D:13     | The Shining One protects you from harm!
 13795 | D:13     | The Shining One protects you from harm!
 13795 | D:13     | HP: 1/100 [meliai/divine providence (8)]
 13795 | D:13     | Mangled by a red ugly thing

Illustrated notes

Levels and vault maps discovered:
D:1:      amcnicky_arrival_underground_garden, layout_rooms,
          shapermc_ecumenical_altar_notcrosses, kennysheep_decorative_pillar,
          minmay_crystal_room, grunt_decor_one_mirror, minmay_indecisive_spiral
D:2:      layout_loops_ring
D:3:      layout_basic, serial_shops, nicolae_shop_waterfront
D:4:      layout_basic, evilmike_ruin_ashenzari, old_standard_altar,
          portal_sewer_entry_f, hangedman_decor_growths, minmay_vboxes,
          uniq_edmund, uniq_eustachio, uniq_sigmund
D:5:      layout_loops_cross, nicolae_hepliaklqana_monster_ancestors,
          mainiacjoe_overflow_boulevard, makhleb_heckhound_becter,
          amcnicky_mini_pool_medium
D:6:      layout_gridville, lemuel_round_altar,
          mainiacjoe_overflow_six_doors_small, kennysheep_minor_cross
D:7:      layout_loops_corners, yredelemnul_altar_generic,
          chequers_temple_overflow_statue_of_worship,
          minmay_temple_entry_drinking_statues
D:8:      layout_rooms, kennysheep_okawaru_gauntlet
D:9:      layout_loops_ring, nicolae_qazlal_eye_of_the_storm,
          eat_drink_and_be_merry_uskayaw
D:10:     layout_loops_ring, xom_butterflies, ebering_ghost_disaster_area,
          nicolae_shop_self_help
D:11:     layout_stronghold, dpeg_oklobed_lair, serial_shops, bzr_in_the_mist
D:12:     layout_grid_maze, david_orc_5, serial_shops, shop_scrolls,
          hangedman_decor_peaks_small
D:13:     layout_rooms, skrybe_vaults_entry_preservation, serial_shops,
          nicolae_shop_stone, special_room [special_room_orc], fedhas_altar_3
Temple:   hellmonk_temple_flake

Skill      XL: |  1  2  3  4  5  6  7  8  9 10 11 12 |
---------------+-------------------------------------+-----
Polearms       | 5 6 7 9 11 13 15 16 | 16.5
Fighting       | 3 4 5 6 7 9 10 11 | 11.0
Dodging        | 5 6 7 8 10 11 13 | 13.3
Armour         | 2 |  2.8
Throwing       | |  2.0

Action                   |  1- 3 |  4- 6 |  7- 9 | 10-12 || total
-------------------------+-------+-------+-------+-------++-------
Melee: Trident           |   107 |    93 |       |       ||   200
       Punch             |       |     2 |    10 |     6 ||    18
       Spear             |       |   177 |   672 |   301 ||  1150
       Tailslap          |       |     4 |     7 |       ||    11
       Halberd           |       |       |       |   223 ||   223
       Bardiche          |       |       |       |     7 ||     7
Throw: Throwing net      |       |     1 |     3 |     2 ||     6
       Dart              |       |       |     1 |       ||     1
Evoke: Wand              |       |       |     2 |       ||     2
       Box of beasts     |       |       |       |     1 ||     1
  Use: Potion            |       |     3 |     1 |     8 ||    12
       Scroll            |       |       |       |    26 ||    26
Armor: Leather armour    |    29 |    24 |    31 |       ||    84
       Scale mail        |       |       |     7 |    75 ||    82
Dodge: Dodged            |    44 |   136 |   277 |   247 ||   704

Table legend: (Time is in decaauts)
 A = Elapsed time spent in this place.
 B = Non-inter-level travel time spent in this place.
 C = Inter-level travel time spent in this place.
 D = Time resting spent in this place.
 E = Time spent auto-exploring this place.
 F = Levels seen in this place.
 G = Mean time per level.
                   A        B        C        D        E       F      G
               +--------+--------+--------+--------+--------+-----+--------+
         Total |  13169 |  12470 |    699 |    835 |   9101 |  16 |  823.1 |
       Dungeon |  12081 |  11382 |    699 |    680 |   8443 |  13 |  929.3 |
        Temple |      1 |      1 |      0 |      0 |      0 |   1 |    1.0 |
        Bazaar |    149 |    149 |      0 |      0 |    112 |   1 |  149.0 |
         Sewer |    936 |    936 |      0 |    155 |    545 |   1 |  936.0 |
               +--------+--------+--------+--------+--------+-----+--------+

Top non-repeatable levels by time:
    D:12: 1679 daAuts
     D:7: 1576 daAuts
     D:4: 1365 daAuts
     D:5: 1065 daAuts
    D:11: 1021 daAuts
     D:6: 976 daAuts
   Sewer: 936 daAuts
     D:9: 808 daAuts
     D:2: 776 daAuts
    D:10: 721 daAuts
     D:3: 668 daAuts
     D:1: 667 daAuts
     D:8: 653 daAuts
  Bazaar: 149 daAuts
    D:13: 100 daAuts
